 Dungeon Crawl Stone Soup version 0.21.0-3-g78d12a8bdd (webtiles) character file.

46 Peloso the Covered (level 3, -1/33 HPs)
             Began as a Minotaur Fighter on Jan 13, 2018.
             Slain by Sigmund
             ... wielding a +0 scythe
              (15 damage)
             ... on level 2 of the Dungeon.
             The game lasted 00:02:42 (1087 turns).

Peloso the Covered (Minotaur Fighter)               Turns: 1087, Time: 00:02:42

Health: -1/33      AC: 12    Str: 20    XL:     3   Next: 44%
Magic:  2/2        EV: 18    Int:  5    God:
Gold:   45         SH:  0    Dex: 10    Spells: 2/2 levels left

rFire    . . .     SeeInvis .   (weapon currently unavailable)
rCold    . . .     Gourm    .   (shield currently unavailable)
rNeg     + + +     Faith    .   (armour currently unavailable)
rPois    +         Spirit   .   (helmet currently unavailable)
rElec    .         Reflect  .   (cloak currently unavailable)
rCorr    .         Harm     .   (gloves currently unavailable)
MR       .....                  (boots currently unavailable)
Stlth    +.........             (no amulet)
HPRegen  0.11/turn              (no ring)
MPRegen  0.08/turn              (no ring)

@: fungus-form (expiring)
A: tiny, (retaliatory headbutt)
a: no special abilities


You were on level 2 of the Dungeon.
You were hungry.
You were a sentient fungus.
You visited 1 branch of the dungeon, and saw 2 of its levels.

You collected 45 gold pieces.

Inventory:

Hand Weapons
 a - a +0 long sword (melded)
Armour
 b - a +0 scale mail (melded)
 c - a +1 shield (melded)
 j - a +0 pair of boots (melded)
Scrolls
 g - a scroll of identify
Potions
 d - a potion of might
 i - a potion of brilliance
 k - a potion of curing
Comestibles
 f - a ration


   Skills:
 + Level 3.9 Fighting
 + Level 3.0 Long Blades
 + Level 4.3 Armour
 + Level 1.0 Dodging
 + Level 4.1 Shields


You had 2 spell levels left.
You didn't know any spells.

Dungeon Overview and Level Annotations

Branches:
Dungeon (2/15)

Altars:

Annotations:
D:2 Sigmund


Innate Abilities, Weirdness & Mutations

((You reflexively headbutt those who attack you in melee.))
((You have a pair of horns on your head.))


Message History

Uppercase [Y]es or [N]o only, please.
Really abort (and waste the scroll)?
Your +0 shield glows green for a moment.
As you read the scroll labeled BEATTE MUSOE, it crumbles to dust.
It is a scroll of identify.
i - a potion of brilliance Sigmund misses you.
As you read the scroll of identify, it crumbles to dust.
k - a potion of curing Sigmund zaps a wand.
As you read the scroll labeled GESTRU CUMU, it crumbles to dust.
It is a scroll of amnesia.
You feel forgetful for a moment.
Sigmund hits you from afar with a scythe.
You're too terrified to move while being watched!
Sigmund gestures at you while chanting. The puff of flame hits you!
Sigmund is suddenly surrounded by pale red light.
Sigmund hits you from afar with a scythe!
You die...

#..........### #......
#.<.#.##..#### ... ...
##....#......##.# ....
#.####>####.#..#.....
#.# ##.####...##...
#####.###........#K.....
........#†.......#@#####
.........†...........#
........#.......f..#..#
........#........### .#
........#......<.#
#########...[....#
#........# ##########


You could see Sigmund and a kobold.

Vanquished Creatures
  An adder (D:2)
  An ooze (D:2)
  8 bats
  2 giant cockroaches
  6 goblins
  4 hobgoblins
  4 kobolds
  2 frilled lizards (D:1)
  2 rats (D:1)
30 creatures vanquished.

Notes
Turn   | Place    | Note
-------+----------+-------------------------------------------
     0 | D:1      | Peloso the Minotaur Fighter began the quest for the Orb.
     0 | D:1      | Reached XP level 1. HP: 19/19 MP: 0/0
     0 | D:1      | Noticed a minotaur
     7 | D:1      | Noticed a vine stalker
    16 | D:1      | Noticed a gargoyle
    16 | D:1      | Noticed a draconian
    18 | D:1      | Noticed an ogre
    20 | D:1      | Noticed an elf
   119 | D:1      | Reached XP level 2. HP: 27/27 MP: 1/1
   934 | D:2      | Reached XP level 3. HP: 30/33 MP: 2/2
   996 | D:2      | Reached skill level 1 in Dodging
  1042 | D:2      | Noticed Sigmund
  1087 | D:2      | Slain by Sigmund

Skill      XL: |  1  2  3 |
---------------+----------+-----
Shields        | 4 |  4.1
Armour         | 4 |  4.3
Dodging        | 1 |  1.0
Long Blades    | 3 |  3.0
Fighting       | |  3.9

Action                   || total
-------------------------++-------
Melee: Long sword        ||    58
       Headbutt          ||     8
  Use: Scroll            ||     4
Armor: Scale mail        ||    46
       Skin              ||     8
Dodge: Dodged            ||    37
Block: Shield            ||    40
       Rpst.: Long sword ||     6
